 Dungeon Crawl Stone Soup version 0.31.0-32-g396128a36d (webtiles) character file.

Game seed: 15759486740495787993

4123 spaghetti the Warrior (level 10, -8/148 HPs)
             Began as an Oni Chaos Knight on Mar 14, 2024.
             Was a Plaything of Xom.
             Mangled by a sixfirhy (10 damage)
             ... summoned by Xom
             ... on level 8 of the Dungeon.
             The game lasted 00:09:04 (8780 turns).

spaghetti the Warrior (Oni Chaos Knight)            Turns: 8780, Time: 00:09:04

Health: -8/148     AC:  4    Str: 13    XL:     10   Next: 27%
Magic:  27/27      EV: 15    Int: 16    God:    Xom [......]
Gold:   799        SH:  0    Dex: 12    Spells: 9/9 levels left

rFire   . . .        d - +3 whip (venom)
rCold   . . .        (no shield)
rNeg    . . .        b - +2 robe
rPois   +            (helmet restricted)
rElec   .            (no cloak)
rCorr   .            (gloves unavailable)
SInv    .            (boots unavailable)
Will    +....        k
                       - Hermit's Pendant {Faith Invo=14 Evo=0 MP+5}
Stlth   +            g - ring of poison resistance
HPRegen 0.44/turn    u - +5 ring of evasion
MPRegen 0.20/turn

%: faith
@: about to teleport, slowed, very slow
A: large, unfitting armour, horns 1, tough skin 1, double potion healing,
drunken brawling, hooves 1, agile 1, deformed body, high MP 1, robust 1, weak 2
a: Renounce Religion


You were on level 8 of the Dungeon.
You worshipped Xom.
You were a very special plaything of Xom.
You visited 1 branch of the dungeon, and saw 8 of its levels.
You also visited: Sewer.

You collected 799 gold pieces.

Inventory:

Hand Weapons
 a - a +0 spear of chaos
 d - a +3 whip of venom (weapon)
Missiles
 f - 97 stones (quivered)
 m - a throwing net
Armour
 b - a +2 robe (worn)
Jewellery
 g - a ring of poison resistance (left hand)
 k - the Hermit's Pendant (around neck) {Faith Invo=14 Evo=0 MP+5}
   (You took it off a kobold on level 2 of the Dungeon)

   [amulet of faith]

   Invo=14: It sets your Invocations skill to 14.
   Evo=0: It sets your Evocations skill to 0.
   Faith:     It allows you to gain divine favour quickly.
   MP+5:      It affects your magic capacity (+5).
 p - an amulet of reflection
 u - a +5 ring of evasion (right hand)
 z - an amulet of guardian spirit
Wands
 j - a wand of light (10)
 o - a wand of flame (25)
Scrolls
 c - a scroll of butterflies
 r - 4 scrolls of fear
 v - a scroll of fog
 y - a scroll of immolation
 A - a scroll of summoning
Potions
 e - a potion of brilliance
 h - a potion of mutation
 i - 3 potions of haste
 l - 2 potions of magic
 q - a potion of attraction
 t - a potion of enlightenment
 x - 2 potions of ambrosia


   Skills:
 + Level 18.6 Fighting
 - Level 3.0 Polearms
 - Level 2.1 Dodging


You had 9 spell levels left.
You didn't know any spells.
Your spell library contained the following spells:

 Spells                   Type           Power      Damage    Failure   Level
 Freeze                   Ice            0%         1d3       26%         1
 Slow                     Hex            0%         N/A       26%         1
 Confusing Touch          Hex            0%         N/A       58%         3
 Frozen Ramparts          Ice            0%         1d1       58%         3
 Fugue of the Fallen      Necr           0%         N/A       58%         3
 Hailstorm                Conj/Ice       0%         3d5       58%         3
 Ozocubu's Armour         Ice            0%         N/A       58%         3
 Sigil of Binding         Hex            0%         N/A       58%         3
 Tukima's Dance           Hex            0%         N/A       58%         3
 Vampiric Draining        Necr           0%         2d6       58%         3
 Manifold Assault         Tloc           0%         N/A       94%         4
 Passage of Golubria      Tloc           0%         N/A       94%         4
 Yara's Violent Unravell  Hex/Alch       0%         3d3       100%        5


Dungeon Overview and Level Annotations

Branches:
Dungeon (8/15)             Temple (0/1) D:6           Sewer (visited)
   Lair: D:8-11

Altars:
Elyvilon
Fedhas
Qazlal
Wu Jian


Innate Abilities, Weirdness & Mutations

You are too large for most types of armour.
You have a pair of small horns on your head.
You have tough skin. (AC +1)
You gain doubled healing and magic from potions.
Whenever you drink a healing potion, you attack all around you.
You have large cloven feet.
You are agile. (Dex +4, Str/Int -1)
Armour fits poorly on your strangely shaped body.
You have an increased reservoir of magic. (+10% MP)
You are robust. (+10% HP)
You are very weak. (Str -4)


Message History

The orc warrior hits you but does no damage.
You completely miss the orc warrior. Your kick misses the orc warrior.
The orc warrior is heavily wounded.
The wraith hits you. The wraith drains your vigour!
You feel as though you will be slow longer.
The orc warrior hits you with a +0 hand axe! x2
* * * LOW HITPOINT WARNING * * *
The wraith hits you!
* * * LOW HITPOINT WARNING * * *
You barely miss the orc warrior.
The orc warrior is severely wounded.
You kill the orc warrior!
The wraith hits you.
* * * LOW HITPOINT WARNING * * *
The wraith drains your vigour!
You feel as though you will be slow longer.
The wraith barely misses you. "Let's see if it's strong enough to survive yet."
The wraith misses you.
Things that are here:
a +0 hand axe; a +0 plate armour; an orc corpse
Okay, then.
As you read the scroll of teleportation, it crumbles to dust.
You feel strangely unstable. The wraith hits you.
* * * LOW HITPOINT WARNING * * *
The quasit misses you.
The quasit claws you but does no damage.
The quasit misses you. The sun demon barely misses you.
The orange demon stings you from afar.
* * * LOW HITPOINT WARNING * * *
The sixfirhy misses you. The wraith hits you but does no damage.
The quasit misses you. x2; The quasit claws you.
* * * LOW HITPOINT WARNING * * *
The sixfirhy hits you.
* * * LOW HITPOINT WARNING * * *
The sixfirhy shocks you!
* * * LOW HITPOINT WARNING * * *
The sixfirhy hits you!
You die...
Xom giggles madly!

# ##.#..##### #.# #
#....# #.# #
##...############.#
#
#................#
##.#
#.#.###......###.#
...# #...#
#......##..# ####
##3W###......)..##
#3)4........#### #
#53@........#
#...4.......#
#........####
.'........#
#.#..###..##
#.#..###.## #
#......# #...#..#
##.#....####


You could see a sun demon (summoned), an orange demon (summoned), an ice devil
(summoned), a sixfirhy (summoned), a ynoxinul (summoned), a wraith and a quasit
(summoned).

Vanquished Creatures
  A two-headed ogre (D:8)
  2 trolls
  A hornet (D:8)
  3 steam dragons
  3 water moccasins
  A black bear (D:6)
  An orc warrior (D:8)
  3 ice beasts
  2 centaurs
  5 bullfrogs
  A scorpion (D:5)
  A wight (D:8)
  A killer bee (D:8)
  2 howler monkeys (D:8)
  4 bombardier beetles
  7 hounds
  3 jellies
  2 orc priests
  3 iguanas
  3 sleepcaps
  5 orc wizards
  3 gnolls (D:6)
  12 adders
  A shadow imp (D:7)
  4 ufetubi (D:6)
  2 dart slugs
  3 ribbon worms
  21 orcs
  13 ball pythons
  7 bats
  5 endoplasms
  3 giant cockroaches
  5 hobgoblins
  4 jackals
  7 quokkas
  4 frilled lizards
  8 goblins
  21 kobolds
  7 rats
184 creatures vanquished.

Vanquished Creatures (collateral kills)
  A kobold (D:4)
1 creature vanquished.

Grand Total: 185 creatures vanquished

Notes
Turn   | Place    | Note
-------+----------+-------------------------------------------
     0 | D:1      | spaghetti the Oni Chaos Knight began the quest for the Orb.
     0 | D:1      | Reached XP level 1. HP: 24/24 MP: 1/1
     5 | D:1      | XOM: silly message
   116 | D:1      | XOM: divination: detect items
   315 | D:1      | Reached XP level 2. HP: 33/33 MP: 2/2
   370 | D:1      | Reached skill level 5 in Fighting
   602 | D:1      | XOM: cloud trail
   649 | D:1      | XOM: god gift: 4 stones
   792 | D:2      | Found a faded altar of an unknown god.
   798 | D:2      | Reached XP level 3. HP: 44/44 MP: 3/3
   816 | D:2      | XOM: cleaving
   823 | D:2      | XOM: fog
   824 | D:2      | Reached skill level 6 in Fighting
   926 | D:2      | XOM: give mutations
   926 | D:2      | Gained mutation: You are partially covered in iridescent
                  | scales. (AC +2) [Xom's grace]
   926 | D:2      | Gained mutation: Your spells are a little harder to cast,
                  | but a little more powerful. [Xom's grace]
   926 | D:2      | Gained mutation: You have an increased reservoir of magic.
                  | (+10% MP) [Xom's grace]
  1043 | D:2      | XOM: fog
  1047 | D:2      | XOM: cast spell 'Death Channel'
  1050 | D:2      | Reached XP level 4. HP: 50/53 MP: 4/4
  1078 | D:2      | Found a white marble altar of Elyvilon.
  1102 | D:2      | XOM: cloud trail
  1376 | D:3      | XOM: 1-stop teleportation journey
  1421 | D:3      | Reached skill level 7 in Fighting
  1430 | D:3      | Found a glowing drain.
  1447 | Sewer    | Entered a sewer
  1572 | Sewer    | Reached XP level 5. HP: 62/62 MP: 5/5
  1586 | Sewer    | XOM: give mutations
  1586 | Sewer    | Gained mutation: Your movements are slightly less
                  | encumbered by armour. (ER -2) [Xom's grace]
  1586 | Sewer    | Gained mutation: You have large cloven feet. [Xom's grace]
  1586 | Sewer    | Gained mutation: Your mind is acute. (Int +4, Str/Dex -1)
                  | [Xom's grace]
  1586 | Sewer    | Gained mutation: Your muscles are strong. (Str +4, Int/Dex
                  | -1) [Xom's grace]
  2048 | D:3      | XOM: silly message
  2264 | D:3      | XOM: give mutations
  2264 | D:3      | Lost mutation: You have large cloven feet. [Xom's mischief]
  2264 | D:3      | Lost mutation: Your muscles are strong. (Str +4, Int/Dex
                  | -1) [Xom's mischief]
  2264 | D:3      | Lost mutation: Your movements are slightly less encumbered
                  | by armour. (ER -2) [Xom's mischief]
  2467 | D:3      | Reached skill level 8 in Fighting
  2895 | D:4      | XOM: cast spell 'Summon Mana Viper'
  2898 | D:4      | Reached XP level 6. HP: 57/74 MP: 17/17
  2996 | D:4      | XOM: summons 3 friendly demons
  3080 | D:4      | Found a stormy altar of Qazlal.
  3220 | D:4      | Reached skill level 9 in Fighting
  3222 | D:4      | Noticed a water moccasin
  3235 | D:4      | Killed a water moccasin
  3673 | D:4      | XOM: cloud trail
  3691 | D:4      | Reached skill level 10 in Fighting
  3695 | D:4      | XOM: divination: detect items
  3698 | D:4      | Reached XP level 7. HP: 62/85 MP: 19/19
  3994 | D:4      | XOM: god gift: 23 gold pieces
  4171 | D:5      | Entered Level 5 of the Dungeon
  4395 | D:5      | Reached skill level 11 in Fighting
  4466 | D:5      | XOM: smoke on damage
  4577 | D:5      | XOM: 1-stop teleportation journey
  4681 | D:5      | XOM: noise
  4725 | D:5      | XOM: noise
  4815 | D:5      | XOM: divination: detect creatures
  4985 | D:5      | XOM: potion effect (brilliance)
  4986 | D:5      | Reached skill level 12 in Fighting
  4986 | D:5      | Reached XP level 8. HP: 82/98 MP: 20/20
  5027 | D:5      | XOM: silly message
  5060 | D:5      | Lost mutation: Your mind is acute. (Int +4, Str/Dex -1)
                  | [potion of mutation]
  5060 | D:5      | Lost mutation: You are partially covered in iridescent
                  | scales. (AC +2) [potion of mutation]
  5060 | D:5      | Gained mutation: You are weak. (Str -2) [potion of
                  | mutation]
  5060 | D:5      | Gained mutation: You have large cloven feet. [potion of
                  | mutation]
  5070 | D:5      | XOM: divination: magic mapping
  5374 | D:6      | XOM: smoke on damage
  5483 | D:6      | Found a staircase to the Ecumenical Temple.
  5504 | D:6      | Reached skill level 13 in Fighting
  5617 | D:7      | XOM: divination: magic mapping
  5699 | D:7      | XOM: silly message
  5790 | D:6      | XOM: silly message
  5984 | D:6      | Reached skill level 14 in Fighting
  6169 | D:6      | XOM: blink monster(s)
  6346 | D:6      | XOM: silly message
  6379 | D:6      | XOM: blink monster(s)
  6382 | D:6      | Reached XP level 9. HP: 109/114 MP: 21/21
  6392 | D:6      | Reached skill level 15 in Fighting
  6579 | D:6      | Found a blossoming altar of Fedhas.
  6642 | D:7      | XOM: divination: magic mapping
  6654 | D:7      | XOM: cleaving
  6776 | D:7      | XOM: enchant monster (bad)
  6777 | D:7      | XOM: swap monsters
  6891 | D:7      | XOM: 1-stop teleportation journey
  6906 | D:7      | Noticed a troll
  6907 | D:7      | XOM: polymorph kobold brigand -> bat
  6910 | D:7      | XOM: polymorph bat -> frilled lizard
  6914 | D:7      | XOM: confuse monster(s)
  6921 | D:7      | XOM: scenery: 1 doors close
  6924 | D:7      | Killed a troll
  6925 | D:7      | Reached skill level 16 in Fighting
  7063 | D:7      | XOM: give mutation
  7063 | D:7      | Gained mutation: You are robust. (+10% HP) [Xom's grace]
  7634 | D:7      | XOM: summons 3 hostile shadow creatures
  7713 | D:7      | XOM: give mutations
  7713 | D:7      | Lost mutation: Your spells are a little harder to cast, but
                  | a little more powerful. [Xom's mischief]
  7713 | D:7      | Gained mutation: You are agile. (Dex +4, Str/Int -1) [Xom's
                  | mischief]
  7713 | D:7      | Gained mutation: Armour fits poorly on your strangely
                  | shaped body. [Xom's mischief]
  7920 | D:8      | XOM: silly message
  8180 | D:8      | Reached skill level 17 in Fighting
  8357 | D:8      | Noticed a troll
  8359 | D:8      | Noticed a cyclops
  8367 | D:8      | Killed a troll
  8368 | D:8      | XOM: chaos upgrade
  8373 | D:8      | Noticed a hornet
  8383 | D:8      | Killed a hornet
  8384 | D:8      | Reached XP level 10. HP: 98/145 MP: 22/22
  8448 | D:8      | XOM: give mutation
  8448 | D:8      | Gained mutation: You are very weak. (Str -4) [Xom's
                  | mischief]
  8491 | D:8      | Found an ornate altar of the Wu Jian Council.
  8509 | D:8      | Noticed a two-headed ogre
  8514 | D:8      | XOM: cleaving
  8516 | D:8      | XOM: confusion
  8518 | D:8      | XOM: swap monsters
  8526 | D:8      | Killed a two-headed ogre
  8527 | D:8      | Reached skill level 18 in Fighting
  8631 | D:8      | XOM: 3-stop teleportation journey
  8666 | D:8      | XOM: summons 3 hostile demons
  8673 | D:8      | XOM: 1-stop teleportation journey
  8778 | D:8      | XOM: summons 6 hostile demons
  8779 | D:8      | Noticed a sun demon
  8779 | D:8      | Noticed a sixfirhy
  8779 | D:8      | Noticed an orange demon
  8780 | D:8      | HP: 2/148 [sixfirhy[Xom] (10)]
  8780 | D:8      | Mangled by a sixfirhy

Illustrated notes

Levels and vault maps discovered:
D:1:      ebering_trefoil_3fold, layout_loops_ring,
          wander_ebering_terrifying_dragon_lair
D:2:      layout_basic, ebering_ecumenical_altar_sacrificial, basic_altar
D:3:      layout_loops_ring, portal_sewer_entry_f
D:4:      minmay_polygon_palace, layout_loops_cross,
          mainiacjoe_overflow_catwalk, chequers_serial_rivers_micro_b,
          roderic_roman_lattice
D:5:      layout_basic
D:6:      layout_rooms, fedhas_altar_4, minmay_temple_entry_statues
D:7:      layout_basic
D:8:      minmay_the_grid_plus_closed [minmay_the_grid_box_x,
          minmay_the_grid_gridbox, minmay_the_grid_slots, minmay_the_grid_rooms,
          minmay_the_grid_prize_inner_circle], layout_basic,
          mainiacjoe_overflow_two_lobes

Skill      XL: |  1  2  3  4  5  6  7  8  9 10 |
---------------+-------------------------------+-----
Fighting       | 5 6 7 8 10 12 14 17 18 | 18.6
Polearms       | |  3.0
Dodging        | |  2.1

Action                     |  1- 3 |  4- 6 |  7- 9 | 10-12 || total
---------------------------+-------+-------+-------+-------++-------
  Melee: Spear             |    81 |    45 |       |       ||   126
         Headbutt          |     6 |    29 |    77 |     5 ||   117
         Whip              |       |   174 |   336 |    28 ||   538
         Kick              |       |     7 |    86 |    13 ||   106
         Punch             |       |     3 |     5 |       ||     8
    Use: Scroll            |     2 |     5 |     9 |     1 ||    17
         Potion            |       |       |    10 |       ||    10
   Stab: Sleeping          |     2 |     1 |       |       ||     3
         Confused          |     1 |       |     1 |       ||     2
         Distracted        |       |     1 |       |       ||     1
 Armour: Robe              |    39 |   168 |   276 |    44 ||   527
  Dodge: Dodged            |    27 |   114 |   330 |    46 ||   517
